 Dungeon Crawl Stone Soup version 0.20.0-8-g6b59dc7 (webtiles) character file.

111 Hikthur the Cudgeler (level 4, 0/28 HPs)
             Began as a Gargoyle Abyssal Knight on June 3, 2017.
             Was a Follower of Lugonu.
             Killed from afar by Natasha (7 damage)
             ... with a magic dart
             ... on level 2 of the Dungeon.
             The game lasted 00:04:05 (2111 turns).

Hikthur the Cudgeler (Gargoyle Abyssal Knight)      Turns: 2111, Time: 00:04:06

Health: 0/28       AC:  6    Str: 16    XL:     4   Next: 92%
Magic:  5/5        EV: 12    Int: 13    God:    Lugonu [*.....]
Gold:   116        SH:  0    Dex:  9    Spells: 3/3 levels left

rFire    . . .     SeeInvis .   a - +1 mace
rCold    . . .     Gourm    .   (no shield)
rNeg     + . .     Faith    .   b - +0 leather armour
rPois    ∞         Spirit   .   (no helmet)
rElec    +         Reflect  .   (no cloak)
rCorr    +         Harm     .   (no gloves)
MR       .....                  (no boots)
Stlth    +.........             i - amulet of rage
Regen    0.1/turn               h - ring of resist corrosion
MPRegen  0.1/turn               f - ring of wizardry

@: no status effects
A: negative energy resistance 1, electricity resistance, unbreathing,
petrification resistance, rot immunity, AC +3
a: Depart the Abyss, Renounce Religion, Evoke Berserk Rage


You were on level 2 of the Dungeon.
You worshipped Lugonu.
Lugonu was aware of your devotion.
You were not hungry.

You visited 1 branch of the dungeon, and saw 2 of its levels.
You visited the Abyss 1 time.

You collected 116 gold pieces.

Inventory:

Hand Weapons
 a - a +1 mace (weapon)
Armour
 b - a +0 leather armour (worn)
Jewellery
 f - a ring of wizardry (right hand)
 h - a ring of resist corrosion (left hand)
 i - an amulet of rage (around neck)
Scrolls
 e - a scroll of immolation {unknown}
 g - 2 scrolls of identify {unknown}
 k - a scroll of random uselessness {unknown}
Comestibles
 c - 3 bread rations
 m - a chunk of flesh


   Skills:
 - Level 3.2 Fighting
 + Level 4.1 Maces & Flails
 - Level 2.1 Armour
 - Level 2.2 Dodging
 - Level 2.0 Invocations


You had 3 spell levels left.
You didn't know any spells.

Dungeon Overview and Level Annotations

Branches:
Dungeon (2/15)

Altars:

Annotations:
D:2 Natasha


Innate Abilities, Weirdness & Mutations

You are resistant to torment.
Your stone body is resilient. (AC +3)
You are immune to poison.
You resist negative energy. (rN+)
You are resistant to electric shocks. (rElec)
You can survive without breathing.
You are immune to petrification.
You are immune to rotting.


Message History

You barely miss Natasha. The giant cockroach bites you.
* * * LOW HITPOINT WARNING * * *
The shadow imp hits you but does no damage.
Natasha claws you but does no damage.
It was a potion of haste.
You feel yourself speed up.
The giant cockroach bites you but does no damage.
It was a potion of cancellation.
Your magical effects are unravelling.
You feel magically purged.
You feel yourself slow down.
It was a potion of curing.
You feel better. The giant cockroach closely misses you.
The shadow imp picks up a beetle and eats it.
You sock the giant cockroach!
You kill the giant cockroach!
Lugonu accepts your kill.
The shadow imp disappears in a puff of smoke!
Natasha casts a spell at you. The magic dart hits you!
You die...

#.........##...# #%
#.##..###..#...# #.
#.##.## ##.##.## #.
#....# #...... ..
#..### ###...# #.
#.## ##... ## #. #.#
#...
##...#.########.##
##...
..........§h†@...###
###....
##...#†#########...#
#...... ## #..
#...## #...... ....
#.#..#+#.......
#....
#..#.....##...#
#..#.
##.##..#####+##
#..#. ##.##.######.#
#....
#.........##.##
#..######.#....


You could see Natasha.

Vanquished Creatures
  Natasha (twice) (D:2)
  A gnoll (D:1)
  4 dart slugs
  2 leopard geckos (D:1)
  3 giant cockroaches
  5 goblins
  5 hobgoblins (D:1)
  5 bats
  3 frilled lizards (D:1)
  6 kobolds
  5 rats (D:1)
41 creatures vanquished.

Notes
Turn   | Place    | Note
-------+----------+-------------------------------------------
     0 | Abyss:1  | Hikthur the Gargoyle Abyssal Knight began the quest for the Orb.
     0 | Abyss:1  | Reached XP level 1. HP: 14/14 MP: 2/2
    53 | Abyss:1  | Noticed a sixfirhy
    53 | Abyss:1  | Noticed a small abomination
    54 | D:1      | Escaped the Abyss
    81 | D:1      | Reached skill level 1 in Dodging
    85 | D:1      | Reached XP level 2. HP: 7/19 MP: 3/3
   418 | D:1      | Reached * piety under Lugonu
   604 | D:1      | Reached XP level 3. HP: 20/23 MP: 4/4
   680 | D:1      | Reached skill level 3 in Maces & Flails
  1353 | D:2      | Noticed Natasha
  1365 | D:2      | Killed Natasha
  1365 | D:2      | Reached XP level 4. HP: 10/28 MP: 5/5
  1676 | D:2      | Noticed Natasha
  1687 | D:2      | Killed Natasha
  1687 | D:2      | Reached skill level 4 in Maces & Flails
  2092 | D:2      | Noticed Natasha
  2101 | D:2      | HP: 1/28 [giant cockroach (1)]
  2111 | D:2      | Killed from afar by Natasha

Skill      XL: |  1  2  3  4 |
---------------+-------------+-----
Dodging        | 1 2 |  2.2
Maces & Flails | 3 4 |  4.1
Fighting       | |  3.2
Armour         | |  2.1
Invocations    | |  2.0

Action                   |  1- 3 |  4- 6 || total
-------------------------+-------+-------++-------
Melee: Mace              |    90 |    43 ||   133
Invok: Depart the Abyss  |     1 |       ||     1
  Use: Potion            |       |     3 ||     3
  Eat: Chunk             |     1 |     3 ||     4
Armor: Leather armour    |    37 |    31 ||    68
Dodge: Dodged            |    78 |    35 ||   113
